 Dungeon Crawl Stone Soup version 0.31-a0-246-g8cbcc1cb85 (webtiles) character file.

Game seed: 6263615356991878865

124 qw the Shooter (level 4, -6/37 HPs)
             Began as a Minotaur Hexslinger on July 12, 2023.
             Was an Initiate of Okawaru.
             Mangled by a lemure (9 damage)
             ... led by Pikel
             ... on level 3 of the Dungeon.
             The game lasted 00:00:52 (2778 turns).

qw the Shooter (Minotaur Hexslinger)                Turns: 2778, Time: 00:00:53

Health: -6/37      AC:  3    Str: 12    XL:     4   Next: 81%
Magic:  4/4        EV: 12    Int: 13    God:    Okawaru [......]
Gold:   129        SH:  0    Dex: 21    Spells: 4/5 levels left

rFire   . . .        Y - +1 sling
rCold   . . .        (no shield)
rNeg    + . .        e - +0 leather armour
rPois   +            (helmet restricted)
rElec   .            i - scarf {repulsion}
rCorr   .            (no gloves)
SInv    .            (no boots)
Will    .....        o - amulet of faith
Stlth   +++          d - ring of Juurph {rPois rN+ Int+3 Slay+4 Stlth+}
HPRegen 0.26/turn    n - +6 ring of dexterity
MPRegen 0.09/turn

%: repel missiles, faith
@: no status effects
A: horns 2, retaliatory headbutt
a: Renounce Religion


You were on level 3 of the Dungeon.
You worshipped Okawaru.
Okawaru was noncommittal.
You visited 1 branch of the dungeon, and saw 4 of its levels.

You collected 169 gold pieces.
You spent 40 gold pieces at shops.


Innate Abilities, Weirdness & Mutations

You have a pair of horns on your head.
You reflexively headbutt those who attack you in melee.


   Skills:
 + Level 2.8 Fighting
 - Level 5.0 Ranged Weapons
 - Level 2.1 Dodging
 - Level 1.0 Spellcasting
 - Level 2.0 Hexes


You had 4 spell levels left.
You knew the following spells:

 Your Spells              Type           Power      Damage    Failure   Level
a - Slow                  Hex            20%        N/A       16%         1

Your spell library contained the following spells:

 Spells                   Type           Power      Damage    Failure   Level
 Inner Flame              Hex/Fire       3%         N/A       56%         3
 Portal Projectile        Hex/Tloc       6%         N/A       56%         3
 Cause Fear               Hex            2%         N/A       83%         4

Inventory:

Hand Weapons
 Y - a +1 sling (weapon)
Armour
 e - a +0 leather armour (worn)
 i - a scarf of repulsion (worn)
Jewellery
 d - the ring of Juurph (left hand) {rPois rN+ Int+3 Slay+4 Stlth+}
   (You found it on level 2 of the Dungeon)

   [ring of slaying]

   Int:       It affects your intelligence (+3).
   Slay:      It affects your accuracy & damage with ranged weapons and melee
   (+4).
   rPois:     It protects you from poison.
   rN:        It protects you from negative energy.
   Stlth:     It makes you more stealthy.
 n - a +6 ring of dexterity (right hand)
 o - an amulet of faith (around neck)
Scrolls
 j - a scroll of identify
 l - a scroll of teleportation
Potions
 a - a potion of curing
 b - a potion of mutation {unknown}
 c - a potion of cancellation {unknown}
 f - 3 potions of resistance
 g - a potion of enlightenment
 h - a potion of magic {unknown}

Dungeon Overview and Level Annotations

Branches:
Dungeon (4/15)
 Temple: D:4-7

Altars:
Makhleb
Okawaru
Ru

Shops:
D:1 ?   D:2 *

Annotations:
D:3 Pikel


Message History

The quokka bites you but does no damage.
You shoot a sling bullet. The sling bullet hits the lemure.
The lemure is heavily wounded.
The quokka misses you. You furiously retaliate!
You headbutt the quokka!
You kill the quokka!
Okawaru accepts your kill. The lemure barely misses you.
You shoot a sling bullet. The sling bullet hits the lemure.
The lemure is severely wounded.
The lemure closely misses you. You furiously retaliate!
You headbutt the lemure! The lemure closely misses you.
You furiously retaliate!
You headbutt the lemure!
You kill the lemure!
That felt strangely unrewarding.
You start resting.
HP restored.
Done exploring.
(D) Dungeon
Where to? (* - list waypoints, Enter - D:4, ? - help)
What level of the Dungeon? (default 1, ? - help)
You climb downwards.
Level annotation: Pikel The lemure hits you. x2; Pikel misses you.
The lemure hits you!
A worm comes into view.
The lemure closely misses you. You furiously retaliate!
You headbutt the lemure. The lemure hits you.
Pikel hits you with a +0 whip of flaming.
Pikel burns you. The lemure hits you.
There is a stone staircase leading up, spattered with blood here.
2776 ||| STAIRDANCE The lemure closely misses you.
Pikel closely misses you. The lemure closely misses you.
The lemure barely misses you. You furiously retaliate!
You headbutt the lemure!
You climb upwards.
There is a stone staircase leading down here.
You shoot a sling bullet. The sling bullet hits the lemure.
The lemure is heavily wounded.
The lemure barely misses you. The lemure hits you.
Pikel hits you with a +0 whip of flaming.
Pikel burns you. The lemure hits you!
You die...

.# #...###..#..............#.#.#.
.# #..##_##.#..............#.#.#.
.# #.##...###..............#.#.#.
.# #####'####..............#.#.#.
.# ##.#...#.##.............#.#.#.
####_.')}.'._##..#########.#.#<#.
...##.#...#.###.........##.#.###.
....####'####.##5######.##.#.....
.....##...##...5@K....#.##.######
......##.#######5####.#.##.......
......##.# #.# #.#.#########
.........# #.# #.#.# ......####
#.# #.#.# ......# #.# #.#.#
......# ####.####.#.# ......#
#.......#.#.# ......#
#.......#.#.#


You could see Pikel and 3 lemures.

Vanquished Creatures
  A lemure (D:3)
  2 orc wizards (D:3)
  2 adders
  A dart slug (D:1)
  7 orcs (D:3)
  4 ball pythons
  6 endoplasms
  A giant cockroach (D:1)
  4 hobgoblins
  3 jackals (D:1)
  6 quokkas
  4 bats
  A frilled lizard (D:1)
  7 goblins
  4 kobolds
  2 rats
55 creatures vanquished.

Notes
Turn   | Place    | Note
-------+----------+-------------------------------------------
     0 | D:1      | qw the Minotaur Hexslinger began the quest for the Orb.
     0 | D:1      | Reached XP level 1. HP: 16/16 MP: 1/1
     0 | D:1      | 0 ||| qw: Version: 0.3-a-52-g30416fa
     0 | D:1      | 0 ||| qw: Game counter: 6231
     0 | D:1      | 0 ||| qw: Melee chars always use a shield: true
     0 | D:1      | 0 ||| qw: God list: Okawaru
     0 | D:1      | 0 ||| qw: Allow faded altars: false
     0 | D:1      | 0 ||| qw: Do Orc after clearing Dungeon:15 true
     0 | D:1      | 0 ||| qw: Do second Lair branch before Depths: true
     0 | D:1      | 0 ||| qw: Lair rune preference: random
     0 | D:1      | 0 ||| qw: Goals: Normal
     0 | D:1      | 0 ||| PLANNING D:1-11
   169 | D:1      | Reached skill level 3 in Ranged Weapons
   234 | D:1      | Reached XP level 2. HP: 23/23 MP: 2/2
   371 | D:1      | Found Gidutako's Magic Scroll Boutique.
   374 | D:1      | 374 ||| SHOPLISTING scroll of enchant armour (75 gold, have
                  | 45).
   374 | D:1      | 374 ||| BUYING scroll of identify (20 gold).
   374 | D:1      | Bought a scroll of identify for 20 gold pieces
   374 | D:1      | 374 ||| BUYING scroll of identify (20 gold).
   374 | D:1      | Bought a scroll of identify for 20 gold pieces
   681 | D:1      | Reached XP level 3. HP: 29/29 MP: 3/3
   758 | D:1      | 758 ||| UPGRADING to scarf of repulsion.
   763 | D:1      | 763 ||| UPGRADING to ring of see invisible.
   764 | D:1      | 764 ||| UPGRADING to +6 ring of dexterity.
   765 | D:1      | 765 ||| READING scroll labelled ZUKUXE LIJAUCU.
   766 | D:1      | 766 ||| READING scroll labelled CEBAAS ADIRYST.
   817 | D:1      | 817 ||| READING scroll labelled AWOEFO BIYRIMO.
   818 | D:1      | 818 ||| READING 2 scrolls labelled BIBUHA UCEL.
   822 | D:1      | 822 ||| READING scroll labelled IRPHUCH POTUVA.
   823 | D:1      | 823 ||| READING 2 scrolls of identify.
   823 | D:1      | 823 ||| IDENTIFYING fizzy cyan potion
   824 | D:1      | 824 ||| DROPPING scroll of poison.
   863 | D:2      | Found Jeoceshra's General Store.
   865 | D:2      | 865 ||| SHOPLISTING amulet of the acrobat (330 gold, have
                  | 5).
   928 | D:2      | Identified the ring of Juurph {rPois rN+ Int+3 Slay+4
                  | Stlth+}
   950 | D:2      | HP: 6/29 [adder (2)]
   951 | D:2      | 951 ||| READING scroll of teleportation.
   951 | D:2      | HP: 2/29 [adder (3)]
   952 | D:2      | 952 ||| DRINKING potion of heal wounds.
  1090 | D:2      | Reached skill level 4 in Ranged Weapons
  1796 | D:2      | 1796 ||| UPGRADING to +0 leather armour.
  1806 | D:2      | 1806 ||| DROPPING +0 robe.
  1807 | D:2      | 1807 ||| UPGRADING to ring of Juurph {rPois rN+ Int+3
                  | Slay+4 Stlth+}.
  1809 | D:2      | 1809 ||| DROPPING ring of see invisible.
  1810 | D:2      | 1810 ||| DRINKING 2 bubbling sapphire potions.
  2021 | D:3      | HP: 6/29 [something (2)]
  2022 | D:3      | Reached XP level 4. HP: 8/36 MP: 4/4
  2026 | D:3      | HP: 6/36 [something (2)]
  2030 | D:3      | HP: 2/36 [something/magic dart (3)]
  2039 | D:3      | Reached skill level 5 in Ranged Weapons
  2185 | D:3      | Found an iron altar of Okawaru.
  2186 | D:3      | 2186 ||| PLANNING OKAWARU WORSHIP
  2187 | D:3      | 2187 ||| DRINKING 2 sapphire potions.
  2191 | D:3      | Became a worshipper of Warmaster Okawaru
  2192 | D:3      | 2192 ||| PLANNING D:1-11
  2195 | D:3      | Found a sacrificial altar of Ru.
  2200 | D:3      | Found a burning altar of Makhleb.
  2671 | D:3      | 2671 ||| UPGRADING to amulet of faith.
  2676 | D:3      | 2676 ||| READING scroll labelled AZXAYGR GUFIEN.
  2677 | D:3      | 2677 ||| READING scroll labelled KAUZESIHITY.
  2678 | D:3      | 2678 ||| DRINKING 2 yellow potions.
  2728 | D:4      | Noticed Pikel
  2728 | D:4      | Noticed a lemure
  2728 | D:4      | Noticed a lemure
  2728 | D:4      | Noticed a lemure
  2728 | D:4      | Noticed a lemure
  2731 | D:4      | 2731 ||| STAIRDANCE
  2735 | D:3      | Killed a lemure
  2776 | D:4      | 2776 ||| STAIRDANCE
  2778 | D:3      | HP: 9/37 [lemure[Pikel] (3)]
  2778 | D:3      | HP: 3/37 [Pikel/+0 whip of flaming (2)]
  2778 | D:3      | Mangled by a lemure

Levels and vault maps discovered:
D:1:      scummos_arrival_simple_crosswalls, layout_loops_ring, serial_shops,
          nicolae_shop_rolled_up
D:2:      layout_basic, serial_shops, shop, chequers_serial_rivers_micro_e
D:3:      layout_basic, grunt_temple_overflow_diamond
D:4:      layout_basic, marbit_many_paths, mainiacjoe_overflow_alcove_4,
          dilly_guarded_unrand_throatcut, uniq_pikel

Skill      XL: |  1  2  3  4 |
---------------+-------------+-----
Ranged Weapons | 3 4 5 |  5.0
Fighting       | 2 |  2.8
Dodging        | |  2.1
Spellcasting   | |  1.0
Hexes          | |  2.0

Action                     |  1- 3 |  4- 6 || total
---------------------------+-------+-------++-------
   Fire: Sling             |   130 |    37 ||   167
    Use: Scroll            |     7 |     2 ||     9
         Potion            |     2 |     2 ||     4
 Armour: Robe              |     8 |       ||     8
         Leather armour    |     6 |     7 ||    13
  Dodge: Dodged            |    32 |    23 ||    55

Table legend:
 A = Non-vault XP
 B = Vault XP
 C = Vault XP percentage of total XP
 D = Non-vault monster count
 E = Vault monster count
 F = Vault count percentage of total count
                 A         B        C        D         E       F
            +---------+---------+-------+---------+---------+-------
      Total |     178 |       0 |   0.0 |      54 |       0 |   0.0
            +---------+---------+-------+---------+---------+-------
        D:1 |      41 |       0 |   0.0 |      22 |       0 |   0.0
        D:2 |      36 |       0 |   0.0 |      15 |       0 |   0.0
        D:3 |     101 |       0 |   0.0 |      17 |       0 |   0.0
            +---------+---------+-------+---------+---------+-------
